 Dungeon Crawl Stone Soup version 0.28-a0-1412-gf95308ed99 (webtiles) character file.

Game seed: 8240046870172905582

547 siradein the Ducker (level 7, -5/52 HPs)
             Began as a Djinni Gladiator on Jan 7, 2022.
             Slain by an orc (6 damage)
             ... while paralysed by Grinder
             ... on level 5 of the Dungeon.
             The game lasted 00:08:35 (4852 turns).

siradein the Ducker (Djinni Gladiator)              Turns: 4852, Time: 00:08:36

Health: -5/52      AC:  6    Str: 15    XL:     7   Next: 53%
Gold:   168        EV:  2    Int: 10    God:
                   SH:  0    Dex: 14

rFire   + + .      SeeInvis .   v - +2 dagger (venom)
rCold   x . .      Faith    .   (no shield)
rNeg    . . .      Spirit   .   i - +0 ring mail
rPois   ∞          Reflect  .   c - +0 helmet
rElec   .          Harm     .   (no cloak)
rCorr   .          Rampage  .   (no gloves)
Will    .....                   (boots unavailable)
Stlth   +.........              (no amulet)
HPRegen 0.17/turn               (no ring)
MPRegen 0.00/turn               (no ring)

@: paralysed, flying
A: sickness immunity, fire resistance 2, cold vulnerability 1, float, innate
caster, hp casting, extra vitality 1
a: no special abilities


You were on level 5 of the Dungeon.
You visited 1 branch of the dungeon, and saw 5 of its levels.

You collected 168 gold pieces.

Inventory:

Hand Weapons
 a - a +0 long sword
 v - a +2 dagger of venom (weapon)
Missiles
 d - 3 throwing nets
Armour
 c - a +0 helmet (worn)
 i - a +0 ring mail (worn)
Wands
 u - a wand of digging (2)
Scrolls
 b - a scroll of amnesia {unknown}
 e - a scroll of immolation {unknown}
 f - a scroll of identify {unknown}
 k - a scroll of noise {unknown}
 l - a scroll of silence {unknown}
 m - a scroll of teleportation {unknown}
 n - a scroll of summoning {unknown}
 p - a scroll of blinking {unknown}
 q - a scroll of vulnerability {unknown}
 s - a scroll of magic mapping {unknown}
Potions
 g - a potion of resistance {unknown}
 h - 3 potions of mutation {unknown}
 j - a potion of cancellation {unknown}
 o - a potion of attraction {unknown}
 r - a potion of haste {unknown}


   Skills:
 + Level 4.1 Fighting
 + Level 4.3 Long Blades
 + Level 3.3 Throwing
 + Level 5.2 Dodging
 + Level 0.4 Spellcasting


You couldn't memorise any spells.
You knew the following spells:

 Your Spells              Type           Power      Damage    Failure   Level
a - Beastly Appendage     Tmut           2%         N/A       52%         1
b - Call Imp              Summ           1%         N/A       65%         2
c - Spider Form           Tmut/Pois      1%         N/A       87%         3
Your spell library was empty.

Dungeon Overview and Level Annotations

Branches:
Dungeon (5/15)
 Temple: D:4-7

Altars:
Cheibriados

Annotations:
D:5 Blork the orc, Eustachio, Grinder


Innate Abilities, Weirdness & Mutations

You are immune to sickness and miasma.
You are immune to poison.
Your flesh is very heat resistant. (rF++)
You are vulnerable to cold. (rC-)
You float through the air rather than walking.
You learn spells naturally, not from books.
Your magical power is your life essence.
You have superior vitality. (+4 MHP)


Message History

Blork the orc screams, "I'll cover the dungeon with your blood!"
A bullfrog zombie comes into view.
Blork the orc gestures at you while chanting.
The puff of frost misses you.
Grinder comes into view.
Eustachio casts a spell.
Eustachio blinks!
Grinder blinks!
The bullfrog zombie hits you but does no damage.
Grinder says, "Tell me all your secrets, or I'll kill you."
You hit the bullfrog zombie.
The bullfrog zombie is lightly damaged.
The bullfrog zombie closely misses you. Grinder gestures at you.
Pain shoots through your body! Grinder gestures at you.
You resist with some effort. The bullfrog zombie closely misses you.
Grinder grins, showing sharp teeth.
Grinder closely misses you.
You hit Grinder.
Grinder is lightly wounded.
Grinder hits you.
You writhe in agony.
You hit Grinder but do no damage.
Grinder is lightly wounded.
Blork the orc screams, "I'll rip your head off!"
Blork the orc looks encouraged for a moment.
Grinder gestures at you.
You suddenly lose the ability to move!
The orc hits you with a +0 war axe. Grinder gestures at you.
You resist with some effort. The orc hits you with a +0 war axe.
Grinder hits you but does no damage. The orc hits you with a +0 war axe.
* * * LOW HITPOINT WARNING * * *
Grinder hits you!
* * * LOW HITPOINT WARNING * * *
You writhe in agony.
* * * LOW HITPOINT WARNING * * *
The orc hits you with a +0 war axe.
You die...

#.....##. .#?.
#....... ..#
#....!. #.#
#...O@#########.#
#oo.ooo.@##..#
#o######.##.##
#Z# #..o.######
#o# ##O....>...
#@# #.........
#5# #..o......
#.# #....<....
#.# ###..##...
#.. #..# ##. ##.
#... . # #.<.
....# ......


You could see Eustachio, Grinder, Blork the orc, an ogre, 3 orcs and a bullfrog
zombie.

Vanquished Creatures
  Sigmund (D:4)
  A necrophage (D:4)
  A centaur (D:4)
  A hound skeleton (D:4)
  Robin (D:4)
  8 gnolls
  An adder (D:3)
  A worm (D:2)
  3 dart slugs
  An orc (D:4)
  2 bats
  6 endoplasms
  3 giant cockroaches
  18 goblins
  9 hobgoblins
  7 jackals
  5 kobolds
  5 quokkas
  8 ball pythons
  2 frilled lizards (D:2)
  5 rats
89 creatures vanquished.

Vanquished Creatures (others)
  4 toadstools (D:1)
4 creatures vanquished.

Grand Total: 93 creatures vanquished

Notes
Turn   | Place    | Note
-------+----------+-------------------------------------------
     0 | D:1      | siradein the Djinni Gladiator began the quest for the Orb.
     0 | D:1      | Reached XP level 1. HP: 18/18 MP: 0/0
   163 | D:1      | Reached XP level 2. HP: 23/23 MP: 0/0
   511 | D:1      | Reached XP level 3. HP: 29/29 MP: 0/0
   511 | D:1      | Learned a level 1 spell: Beastly Appendage
  1211 | D:2      | Reached XP level 4. HP: 24/34 MP: 0/0
  1708 | D:2      | Reached skill level 4 in Dodging
  2264 | D:3      | Reached XP level 5. HP: 38/40 MP: 0/0
  2264 | D:3      | Learned a level 2 spell: Call Imp
  2615 | D:4      | Noticed Sigmund
  3801 | D:4      | Noticed Robin
  3802 | D:4      | Noticed a centaur
  3822 | D:4      | Killed Robin
  3848 | D:4      | Reached XP level 6. HP: 37/46 MP: 0/0
  4335 | D:4      | Killed Sigmund
  4336 | D:4      | Reached skill level 5 in Dodging
  4336 | D:4      | Reached XP level 7. HP: 35/51 MP: 0/0
  4336 | D:4      | Learned a level 3 spell: Spider Form
  4613 | D:4      | Found a snail-covered altar of Cheibriados.
  4803 | D:5      | Entered Level 5 of the Dungeon
  4812 | D:5      | Noticed Eustachio
  4812 | D:5      | Noticed Blork the orc
  4840 | D:5      | Noticed Grinder
  4848 | D:5      | Paralysed by Grinder for 7 turns
  4851 | D:5      | HP: 1/52 [Grinder (3)]
  4852 | D:5      | Slain by an orc

Illustrated notes

Levels and vault maps discovered:
D:1:      ldierk_water_garden, layout_loops_ring
D:2:      layout_basic, lemuel_another_geyser
D:3:      layout_rooms
D:4:      layout_basic, mainiacjoe_overflow_surrounded_room, st_stairs_11,
          uniq_sigmund, uniq_robin
D:5:      layout_rooms, uniq_eustachio, uniq_grinder, uniq_blork_the_orc,
          uniq_pikel

Skill      XL: |  1  2  3  4  5  6  7 |
---------------+----------------------+-----
Long Blades    | 3 4 |  4.3
Throwing       | 2 3 |  3.3
Dodging        | 4 5 |  5.2
Fighting       | 3 4 |  4.1
Spellcasting   | |  0.4

Action                   |  1- 3 |  4- 6 |  7- 9 || total
-------------------------+-------+-------+-------++-------
Melee: Long sword        |    88 |   136 |    13 ||   237
       Punch             |     2 |     2 |       ||     4
       Dagger            |       |    23 |    19 ||    42
       Mace              |       |     6 |       ||     6
 Cast: Beastly Appendage |       |     1 |       ||     1
 Stab: Sleeping          |     2 |       |       ||     2
Armor: Leather armour    |    17 |       |       ||    17
       Ring mail         |     5 |    53 |     9 ||    67
Dodge: Dodged            |    76 |   149 |    25 ||   250

Table legend: (Time is in decaauts)
 A = Elapsed time spent in this place.
 B = Non-inter-level travel time spent in this place.
 C = Inter-level travel time spent in this place.
 D = Time resting spent in this place.
 E = Time spent auto-exploring this place.
 F = Levels seen in this place.
 G = Mean time per level.
                   A        B        C        D        E       F      G
               +--------+--------+--------+--------+--------+-----+--------+
         Total |   4907 |   4698 |    209 |    977 |   2769 |   5 |  981.4 |
       Dungeon |   4907 |   4698 |    209 |    977 |   2769 |   5 |  981.4 |
               +--------+--------+--------+--------+--------+-----+--------+

Top non-repeatable levels by time:
     D:3: 1540 daAuts
     D:2: 1334 daAuts
     D:4: 1112 daAuts
     D:1: 872 daAuts
     D:5: 47 daAuts
